AoeStats
← in440591

Arena

510265886Analyzed
4v4 RM · 1d ago on Sep 30, 2026· 45m 59s· 8 players
Game mode
Random Map
Map size
Large (8 player)
Population
200
Speed
Normal
Resources
Standard
Victory
Conquest
Starting age
Dark Age
Ending age
Imperial Age
RankedLock teamsTeams togetherTeam positionsShared explorationLock speedFull tech treeHidden civsTurbo modeCheats
Victory
Defeat
🇨🇳 Mongols · China
1033
+12
🇨🇳 Armenians · China
1005
+13
🇨🇳 Franks · China
858
+19
🇨🇳 Spanish · China
834
+19
🇫🇷 Franks · France
952
-17
950
-17
🇺🇸 Mongols · United States
910
-15
🇲🇽 Saracens · Mexico
894
-14
kevinfz101006xr
10:36 Feudal Age
14:42 Castle Age
12:44 Double-Bit Axe
19:01 Horse Collar
22:14 Bow Saw
23:24 Heavy Plow
25:16 Fletching
25:27 Padded Archer Armor
25:53 Bodkin Arrow
27:11 Leather Archer Armor
28:50 Thumb Ring
29:37 Gold Mining
34:33 Loom
reyangel141
10:58 Feudal Age
12:29 Wheelbarrow
15:33 Castle Age
17:38 Loom
20:24 Double-Bit Axe
20:41 Horse Collar
22:48 Hand Cart
24:32 Bow Saw
26:02 Stone Mining
26:06 Gold Mining
30:39 Imperial Age
28:46 Fortified Wall
30:49 Ballistics
30:58 Town Watch
30:46 Onager
32:28 Chemistry
31:53 Conscription
32:58 Gold Shaft Mining
32:04 Siege Onager
33:27 Town Patrol
33:20 Fletching
33:55 Elite Mameluke
37:25 Bloodlines
37:15 Husbandry
40:07 Bodkin Arrow
41:15 Siege Engineers
41:11 Bracer
Eyeskillyou
3:58 Loom
12:29 Feudal Age
14:19 Wheelbarrow
17:27 Castle Age
16:17 Stone Mining
17:48 Double-Bit Axe
Ana Nzinga of Mbande Ndogo
11:23 Feudal Age
15:51 Castle Age
雨落
9:35 Feudal Age
13:59 Castle Age
12:26 Double-Bit Axe
12:51 Horse Collar
15:35 Bow Saw
15:35 Heavy Plow
19:43 Wheelbarrow
21:44 Gold Mining
21:45 Stone Mining
23:28 Hand Cart
24:23 Stone Shaft Mining
24:29 Gold Shaft Mining
29:24 Imperial Age
26:48 Loom
26:49 Town Watch
27:39 Fletching
27:49 Padded Archer Armor
28:24 Bodkin Arrow
29:29 Husbandry
29:39 Bloodlines
29:55 Leather Archer Armor
30:03 Ballistics
29:46 Elite Mangudai
31:02 Parthian Tactics
30:42 Thumb Ring
31:30 Town Patrol
31:39 Bracer
32:42 Chemistry
32:00 Masonry
32:21 Drill
32:24 Conscription
33:40 Nomads
35:15 Onager
36:00 Capped Ram
38:31 Hoardings
37:27 Sappers
38:07 Siege Engineers
37:43 Siege Ram
39:00 Scale Mail Armor
39:11 Forging
39:06 Scale Barding Armor
38:59 Murder Holes
39:15 Fortified Wall
hold up
0:31 Loom
11:51 Feudal Age
12:22 Double-Bit Axe
12:31 Gold Mining
13:37 Man-at-Arms
19:20 Castle Age
17:23 Stone Mining
16:59 Long Swordsman
17:27 Arson
17:29 Horse Collar
19:24 Scale Mail Armor
20:20 Squires
20:03 Two-Handed Swordsman
21:14 Bow Saw
21:41 Heavy Plow
22:00 Gambesons
22:54 Wheelbarrow
23:37 Gold Shaft Mining
26:35 Hand Cart
27:52 Champion
28:46 Forging
30:09 Iron Casting
29:53 Chain Mail Armor
35:34 Imperial Age
39:15 Blast Furnace
38:47 Plate Mail Armor
38:08 Fletching
38:02 Treadmill Crane
38:18 Murder Holes
38:44 Ballistics
39:25 Chemistry
38:13 Town Watch
39:48 Conscription
39:36 Fereters
39:40 Capped Ram
42:21 Hoardings
41:11 Pikeman
41:19 Siege Ram
45:49 Halberdier
in440591
0:33 Loom
13:08 Feudal Age
18:47 Castle Age
18:24 Stone Mining
27:47 Gold Mining
28:14 Double-Bit Axe
29:26 Gold Shaft Mining
33:03 Imperial Age
31:15 Wheelbarrow
31:31 Forging
32:12 Scale Barding Armor
32:11 Husbandry
34:54 Iron Casting
33:43 Cavalier
36:41 Blast Furnace
40:12 Chivalry
40:48 Chain Barding Armor
41:05 Paladin
42:07 Hand Cart
45:09 Plate Barding Armor
justjust
7:45 Loom
11:14 Feudal Age
13:33 Double-Bit Axe
19:02 Castle Age
17:16 Horse Collar
21:01 Bow Saw
20:55 Heavy Plow
25:23 Scale Barding Armor
25:28 Forging
25:19 Padded Archer Armor
29:45 Leather Archer Armor
36:30 Iron Casting
39:12 Chain Barding Armor
Connection lost

Rejoining the realm…

Still unreachable

The connection could not be restored.

Session expired

The server has moved on; the page needs a fresh start.